 Dungeon Crawl Stone Soup version 0.24-a0-251-g44e327e (webtiles) character file.

Game seed: 15480352978917946146

1336 Ijustatesigmund the Chopper (level 8, -13/56 HPs)
             Began as an Octopode Fighter on Apr 16, 2019.
             Was an Initiate of Cheibriados.
             Mangled by an orc warrior
             ... wielding a +0 mace
              (18 damage)
             ... on level 6 of the Dungeon.
             The game lasted 00:09:23 (4274 turns).

Ijustatesigmund the Chopper (Octopode Fighter)      Turns: 4274, Time: 00:09:24

Health: -13/56     AC:  3    Str: 16    XL:     8   Next: 61%
Magic:  10/10      EV: 19    Int: 12    God:    Cheibriados [......]
Gold:   189        SH: 10    Dex: 19    Spells: 7/7 levels left

rFire    . . .     SeeInvis .   a - +2 war axe
rCold    . . .     Gourm    .   b - +0 shield
rNeg     . . .     Faith    .   (helmet restricted)
rPois    .         Spirit   .   (no amulet)
rElec    .         Reflect  .   (no ring)
rCorr    .         Harm     .   (no ring)
MR       +....                  (no ring)
Stlth    +++++.....             (no ring)
HPRegen  0.18/turn              (no ring)
MPRegen  0.12/turn              (no ring)
                                (no ring)
                                (no ring)

@: agile, about to teleport, very slow
A: almost no armour, stealthy swim, amphibious, 8 rings, constrict 8, slimy
green scales 1, camouflage 1, magic resistance 1, gelatinous body 1, evolution 1
a: Bend Time, Renounce Religion


You were on level 6 of the Dungeon.
You worshipped Cheibriados.
Cheibriados was noncommittal.
You were hungry.

You visited 1 branch of the dungeon, and saw 6 of its levels.

You collected 189 gold pieces.

Inventory:

Hand Weapons
 a - a +2 war axe (weapon)
Armour
 b - a +0 shield (worn)
Jewellery
 j - an uncursed ring of see invisible {unknown}
Wands
 g - a wand of acid (10)
Scrolls
 i - 3 scrolls of teleportation
 n - a scroll of remove curse
Potions
 c - 2 potions of curing
 e - a potion of brilliance
 f - a potion of resistance
 l - a potion of berserk rage {unknown}
 o - a potion of lignification {unknown}
Comestibles
 d - 9 rations


   Skills:
 - Level 5.4 Fighting
 - Level 5.9 Axes
 - Level 4.9 Dodging
 + Level 3.6 Stealth
 - Level 4.9 Shields
 + Level 0.2 Invocations
 - Level 3.5 Evocations


You had 7 spell levels left.
You didn't know any spells.
Your spell library contained the following spells:

 Spells                   Type           Power        Failure   Level  Hunger
 Magic Dart               Conj           #...         77%         1    ##.....
 Blink                    Tloc           N/A          88%         2    ###....
 Call Imp                 Summ           #.......     88%         2    ###....
 Slow                     Hex            #.......     88%         2    ###....
 Conjure Flame            Conj/Fire      #.......     98%         3    ####...
 Mephitic Cloud           Conj/Pois/Air  #.......     98%         3    ####...


Dungeon Overview and Level Annotations

Branches:
Dungeon (6/15)             Temple (0/1) D:5

Altars:
Cheibriados
Fedhas
Kikubaaqudgha
Makhleb
Ru
Trog
Uskayaw

Shops:
D:5 %


Innate Abilities, Weirdness & Mutations

You cannot wear most types of armour.
You are very stealthy in the water. (Stealth+)
You are amphibious.
You can wear up to eight rings at the same time.
You can use your tentacles to constrict eight enemies at once.
Your skin changes colour to match your surroundings (Stealth+).
Your rubbery body absorbs attacks. (AC +1, EV +1)
You are partially covered in slimy green scales. (AC +2)
You are resistant to hostile enchantments. (MR+)
You evolve.


Message History

You constrict the orc warrior, but do no damage.
The quokka zombie bites you.
The orc warrior hits you with a +0 mace.
You block the orc's attack. The quokka zombie bites you.
* * * LOW HITPOINT WARNING * * *
You hit the orc warrior.
The orc warrior is lightly wounded.
You slash the quokka zombie!
You destroy the quokka zombie!
Cheibriados appreciates the change of pace.
You constrict the orc warrior.
The orc warrior hits you with a +0 mace!
* * * LOW HITPOINT WARNING * * *
You block the orc's attack. The orc warrior closely misses you.
You feel agile all of a sudden.
You constrict the orc warrior. You block the orc's attack.
As you read the scroll of teleportation, it crumbles to dust.
You feel strangely unstable.
You constrict the orc warrior.
The orc warrior hits you with a +0 mace!!
You die...

...... ......
......
#######......
#............
#............
#............
#...o@.......
#...)........
#....o.......
#............
#............
#############


You could see an orc warrior and an orc.

Vanquished Creatures
  A black bear (D:4)
  A phantom (D:5)
  A sky beast (D:5)
  4 ogres
  The ghost of Borgoz the Cutter, an amateur KoGl (D:3)
  A scorpion (D:5)
  A howler monkey (D:5)
  A crimson imp (D:5)
  2 orc priests (D:5)
  5 hounds
  3 orc wizards (D:5)
  Jessica (D:2)
  A worker ant (D:4)
  A howler monkey zombie (D:4)
  A worker ant zombie (D:4)
  3 adders
  A shadow imp (D:6)
  2 oozes
  4 worms
  2 dart slugs (D:1)
  6 leopard geckos
  18 orcs
  10 bats
  8 giant cockroaches
  8 goblins
  4 hobgoblins
  7 kobolds
  A quokka (D:4)
  2 frilled lizards
  A leopard gecko zombie (D:5)
  A quokka zombie (D:6)
  8 rats
111 creatures vanquished.

Notes
Turn   | Place    | Note
-------+----------+-------------------------------------------
     0 | D:1      | Ijustatesigmund the Octopode Fighter began the quest for
                  | the Orb.
     0 | D:1      | Reached XP level 1. HP: 16/16 MP: 1/1
   288 | D:1      | Reached XP level 2. HP: 19/21 MP: 2/2
   588 | D:1      | Reached XP level 3. HP: 20/26 MP: 3/3
   940 | D:2      | Noticed Jessica
   943 | D:2      | Killed Jessica
   943 | D:2      | Reached XP level 4. HP: 31/31 MP: 4/4
  1057 | D:2      | Found an ancient bone altar of Kikubaaqudgha.
  1059 | D:2      | Found a blossoming altar of Fedhas.
  1749 | D:3      | Reached XP level 5. HP: 36/37 MP: 5/5
  1913 | D:3      | Found a runed translucent gate.
  1914 | D:3      | Found a runed translucent gate.
  1914 | D:3      | Noticed Borgoz's ghost (amateur KoGl)
  1915 | D:3      | Found a runed translucent gate.
  1943 | D:3      | Killed Borgoz's ghost
  2342 | D:4      | Noticed a black bear
  2348 | D:4      | Killed a black bear
  2348 | D:4      | Reached XP level 6. HP: 19/43 MP: 6/6
  2787 | D:4      | Found a sacrificial altar of Ru.
  2792 | D:4      | Found a hide-covered altar of Uskayaw.
  2796 | D:4      | Found a bloodstained altar of Trog.
  2883 | D:4      | Reached skill level 1 in Evocations
  2883 | D:4      | Reached XP level 7. HP: 41/49 MP: 7/7
  2908 | D:4      | Gained mutation: You are partially covered in slimy green
                  | scales. (AC +2) [potion of mutation]
  2908 | D:4      | Gained mutation: You evolve. [potion of mutation]
  2908 | D:4      | Gained mutation: You are resistant to hostile enchantments.
                  | (MR+) [potion of mutation]
  3053 | D:4      | Found a burning altar of Makhleb.
  3147 | D:4      | Reached skill level 5 in Axes
  3347 | D:5      | Entered Level 5 of the Dungeon
  3579 | D:5      | Reached skill level 5 in Fighting
  3579 | D:5      | Reached XP level 8. HP: 52/55 MP: 9/9
  3823 | D:5      | Found a staircase to the Ecumenical Temple.
  3958 | D:5      | Found a snail-covered altar of Cheibriados.
  3964 | D:5      | Became a worshipper of Cheibriados the Contemplative
  4150 | D:5      | Found Tyahuwas's Food Shoppe.
  4274 | D:6      | Mangled by an orc warrior

Levels and vault maps discovered:
D:1:      dpeg_arrival_shelter, layout_basic, minmay_bisected
D:2:      layout_loops_ring, grunt_temple_overflow_growth_and_decay,
          first_ration, uniq_jessica
D:3:      layout_rooms, ebering_ghost_rock_garden, minmay_liquid_box,
          ebering_dispersal_statue_hall, minivault_26
D:4:      black_bear_nest_2, layout_basic, makhleb_heckhound_becter, minitemple
D:5:      layout_cave_pools, marbit_many_paths, minmay_temple_entry_overgrown,
          serial_shops, nicolae_shop_crystal, kennysheep_potato
D:6:      layout_gridville, elyvilon_altar_5, lemuel_altar_in_water

Skill      XL: |  1  2  3  4  5  6  7  8 |
---------------+-------------------------+-----
Axes           | 3 4 5 |  5.9
Stealth        | 3 |  3.6
Fighting       | 4 5 |  5.4
Evocations     | 1 2 3 |  3.5
Dodging        | 4 |  4.9
Shields        | 4 |  4.9
Invocations    | |  0.2

Action                   |  1- 3 |  4- 6 |  7- 9 || total
-------------------------+-------+-------+-------++-------
Melee: War axe           |    52 |    85 |    79 ||   216
       Constrict         |    15 |    18 |    19 ||    52
       Tentacles         |     7 |    21 |    15 ||    43
Evoke: Wand              |       |     7 |     7 ||    14
  Use: Scroll            |     5 |     6 |     4 ||    15
       Potion            |       |     9 |     3 ||    12
 Stab: Sleeping          |     6 |     7 |     2 ||    15
       Distracted        |       |     1 |       ||     1
  Eat: Chunk             |       |     3 |     4 ||     7
       Ration            |       |     1 |       ||     1
Armor: Skin              |     2 |     3 |    10 ||    15
Dodge: Dodged            |    17 |    37 |    43 ||    97
Block: Shield            |    18 |    41 |    42 ||   101

Table legend:
 A = Non-vault XP
 B = Vault XP
 C = Vault XP percentage of total XP
 D = Non-vault monster count
 E = Vault monster count
 F = Vault count percentage of total count
                 A         B        C        D         E       F
            +---------+---------+-------+---------+---------+-------
      Total |    1558 |     351 |  18.4 |     106 |       5 |   4.5
            +---------+---------+-------+---------+---------+-------
        D:1 |      59 |       0 |   0.0 |      30 |       0 |   0.0
        D:2 |      35 |      37 |  51.4 |      14 |       1 |   6.7
        D:3 |      41 |     101 |  71.1 |      14 |       1 |   6.7
        D:4 |     563 |     171 |  23.3 |      18 |       2 |  10.0
        D:5 |     842 |      42 |   4.8 |      26 |       1 |   3.7
        D:6 |      18 |       0 |   0.0 |       4 |       0 |   0.0
            +---------+---------+-------+---------+---------+-------
